 Dungeon Crawl Stone Soup version 0.25-a0-713-g4845790874 (webtiles) character file.

Game seed: 17763138458090147549, levelgen mode: deterministic

4 Mgcat the Skirmisher (level 1, 0/18 HPs)
             Began as a Mummy Berserker on Apr 5, 2020.
             Was a Follower of Trog.
             Slain by a giant cockroach (1 damage)
             ... on level 1 of the Dungeon.
             The game lasted 00:00:53 (128 turns).

Mgcat the Skirmisher (Mummy Berserker)               Turns: 128, Time: 00:00:53

Health: 0/18       AC:  2    Str: 20    XL:     1   Next: 58%
Magic:  1/1        EV: 12    Int:  6    God:    Trog [*.....]
Gold:   0          SH:  0    Dex: 11    Spells: 0/0 levels left

rFire    x . .     SeeInvis .   a - +0 hand axe
rCold    + . .     Gourm    .   (no shield)
rNeg     + + +     Faith    .   b - +0 animal skin
rPois    ∞         Spirit   .   (no helmet)
rElec    .         Reflect  .   (no cloak)
rCorr    .         Harm     .   (no gloves)
MR       .....                  (no boots)
Stlth    +.........             (no amulet)
HPRegen  0.06/turn              (no ring)
MPRegen  0.07/turn              (no ring)

@: about to teleport
A: no food or potions, fire vulnerability, cold resistance 1, negative energy
resistance 3, torment resistance, unbreathing
a: Renounce Religion


You were on level 1 of the Dungeon.
You worshipped Trog.
Trog was aware of your devotion.
You were not hungry.

You visited 1 branch of the dungeon, and saw 1 of its levels.

Inventory:

Hand Weapons
 a - a +0 hand axe (weapon)
Armour
 b - a +0 animal skin (worn)


   Skills:
 + Level 3.1 Fighting
 * Level 2.6 Axes
 - Level 1.5 Armour
 - Level 1.5 Dodging


You couldn't memorise any spells.
You didn't know any spells.
Your spell library was empty.

Dungeon Overview and Level Annotations

Branches:
Dungeon (1/15)

Altars:


Innate Abilities, Weirdness & Mutations

You do not eat or drink.
Your flesh is vulnerable to fire.
You are immune to poison.
Your flesh is cold resistant. (rC+)
You are immune to negative energy. (rN+++)
You are immune to unholy pain and torment.
You can survive without breathing.


Message History

You hit the jackal.
The jackal is almost dead.
The jackal closely misses you. The jackal bites you.
You take 1 damage, and have 7/18 hp.
You barely miss the jackal.
The jackal is almost dead.
The jackal completely misses you.
Spoiler Alert: The jackal is fast!
You closely miss the jackal.
The jackal is severely wounded.
The jackal bites you. x2
* * * LOW HITPOINT WARNING * * *
You take 4 damage, and have 4/18 hp.
MASSIVE DAMAGE!!
You closely miss the jackal.
The jackal is severely wounded.
The jackal misses you.
Spoiler Alert: The jackal is fast!
You hit the jackal but do no damage.
The jackal is severely wounded.
The jackal misses you. The jackal closely misses you.
You barely miss the jackal.
The jackal is severely wounded.
The jackal closely misses you. The jackal misses you.
Spoiler Alert: The jackal is fast!
You barely miss the jackal.
The jackal is severely wounded.
The jackal closely misses you.
The jackal bites you but does no damage.
You barely miss the jackal.
The jackal is severely wounded.
The jackal bites you.
* * * LOW HITPOINT WARNING * * *
You take 2 damage, and have 2/18 hp.
Spoiler Alert: The jackal is fast!
You hit the jackal.
The jackal is almost dead.
The jackal closely misses you. The jackal misses you.
You barely miss the jackal.
The jackal is almost dead.
The jackal bites you.
* * * LOW HITPOINT WARNING * * *
The jackal misses you.
You take 1 damage, and have 1/18 hp.
Spoiler Alert: The jackal is fast!
You hit the jackal.
You kill the jackal!
Trog accepts your kill.
You see here a jackal corpse.
c - a scroll labeled VIOS POTA WITOLIS You see here a ration.
You start resting.
A kobold opens the door.
A kobold is nearby!
The kobold shouts!
You see here a jackal corpse.
You start resting.
The kobold is too close now for your liking.
You see here a ration.
You see here a jackal corpse.
You see here a jackal corpse.
The kobold closely misses you.
You see here a jackal corpse.
A kobold comes into view. It is wielding a +0 short sword.
You see here a jackal corpse.
The kobold shouts!
The kobold throws a stone.
The stone hits you.
* * * LOW HITPOINT WARNING * * *
You see here a stone.
You take 3 damage, and have 2/18 hp.
There is an open door here.
A giant cockroach and a hobgoblin come into view.
The hobgoblin shouts!
Spoiler Alert: The giant cockroach is fast!
Found a stone staircase leading down.
A dart slug comes into view.
The giant cockroach closely misses you. The dart slug closely misses you.
You hit the dart slug.
The dart slug is moderately wounded.
You hit the giant cockroach but do no damage.
The giant cockroach bites you.
* * * LOW HITPOINT WARNING * * *
The dart slug closely misses you. The giant cockroach barely misses you.
You take 1 damage, and have 2/18 hp.
Spoiler Alert: The giant cockroach is fast!
You hit the dart slug but do no damage.
The dart slug is lightly wounded.
You hit the giant cockroach. The giant cockroach closely misses you.
As you read the scroll labeled VIOS POTA WITOLIS, it crumbles to dust.
You feel strangely unstable.
It was a scroll of teleportation.
The giant cockroach bites you.
* * * LOW HITPOINT WARNING * * *
The dart slug launches a dart at you. The slug dart misses you.
The slug dart hits the giant cockroach.
You take 1 damage, and have 1/18 hp.
Spoiler Alert: The giant cockroach is fast!
You hit the dart slug.
The dart slug is moderately wounded.
You barely miss the giant cockroach. The giant cockroach bites you.
You die...

#.#'......##
#.#####.#K....%..#
..
#>......#...##††.#
.
#######.#..####..#
.# #K#..####..#
..##
#g#...##..)##...##
#K#...(...........
#s##..............
#@#######.<##..##
#w# #..# .(# #.#
....K. ... #.#
......... ..
#.#...##...##..
#.#.. ##..# ..
#.#. #..# .# #.#
...# .


You could see a dart slug, a giant cockroach, a hobgoblin and 2 kobolds.

Vanquished Creatures
  A hobgoblin (D:1)
  2 jackals (D:1)
  A rat (D:1)
4 creatures vanquished.

Notes
Turn   | Place    | Note
-------+----------+-------------------------------------------
     0 | D:1      | Mgcat the Mummy Berserker began the quest for the Orb.
     0 | D:1      | Reached XP level 1. HP: 18/18 MP: 1/1
    32 | D:1      | HP: 4/18 [jackal (2)]
    37 | D:1      | HP: 2/18 [jackal (2)]
   108 | D:1      | HP: 2/18 [kobold/stone (3)]
   125 | D:1      | HP: 2/18 [giant cockroach (1)]
   128 | D:1      | Slain by a giant cockroach

Levels and vault maps discovered:
D:1:      minmay_arrival_four_loops, layout_basic, minmay_tetromino_i4

Action                   || total
-------------------------++-------
Melee: Hand axe          ||    23
  Use: Scroll            ||     1
Armor: Animal skin       ||     1
Dodge: Dodged            ||    23

Table legend:
 A = Non-vault XP
 B = Vault XP
 C = Vault XP percentage of total XP
 D = Non-vault monster count
 E = Vault monster count
 F = Vault count percentage of total count
                 A         B        C        D         E       F
            +---------+---------+-------+---------+---------+-------
      Total |       7 |       0 |   0.0 |       4 |       0 |   0.0
            +---------+---------+-------+---------+---------+-------
        D:1 |       7 |       0 |   0.0 |       4 |       0 |   0.0
            +---------+---------+-------+---------+---------+-------

Levels and vault maps discovered:
D:1:      minmay_arrival_four_loops, layout_basic, minmay_tetromino_i4

Table legend:
 A = Turns spent in this place as a percentage of turns spent in the entire game.
 B = Non-inter-level travel turns spent in this place as a percentage of non-inter-level travel turns spent in the entire game.
 C = Inter-level travel turns spent in this place as a percentage of turns spent in this place.
 D = Turns resting spent in this place as a percentage of non-inter-level travel turns spent in this place.
 E = Turns spent auto-exploring this place as a percentage of non-inter-level travel turns spent in this place.
 F = Non-inter-level travel turns spent in this place divided by the number of levels of this place that you've seen.
                   A       B       C       D       E      F
               +-------+-------+-------+-------+-------+----------------------
         Total | 100.0 | 100.0 |   0.0 |   9.4 |   3.1 | 128.0
       Dungeon | 100.0 | 100.0 |   0.0 |   9.4 |   3.1 | 128.0
               +-------+-------+-------+-------+-------+----------------------

Table legend:
 A = Kills in this place as a percentage of kills in entire the game.
 B = Kills by you in this place as a percentage of kills by you in the entire game.
 C = Kills by friends in this place as a percentage of kills by friends in the entire game.
 D = Other kills in this place as a percentage of other kills in the entire game.
 E = Experience gained in this place as a percentage of experience gained in the entire game.
 F = Experience gained in this place divided by the number of levels of this place that you have seen.
                   A       B       C       D       E      F
               +-------+-------+-------+-------+-------+----------------------
         Total | 100.0 | 100.0 |   N/A |   N/A | 100.0 |   7.0
       Dungeon | 100.0 | 100.0 |   N/A |   N/A | 100.0 |   7.0
               +-------+-------+-------+-------+-------+----------------------
